 Dungeon Crawl Stone Soup version 0.32-a0-871-ge202e49faa (webtiles) character file.

Game seed: 16493982131800348038

4 jlumianski the Chopper (level 1, -1/16 HPs)
             Began as a Coglin Gladiator on Mar 29, 2024.
             Killed by divine providence
             ... invoked by an orc priest
              (10 damage)
             ... on level 1 of the Dungeon.
             The game lasted 00:00:55 (107 turns).

jlumianski the Chopper (Coglin Gladiator)            Turns: 107, Time: 00:00:56

Health: -1/16      AC:  5    Str: 14    XL:     1   Next: 70%
Magic:  1/1        EV: 11    Int:  7    God:
Gold:   17         SH:  0    Dex: 15    Spells: 0/0 levels left

rFire   . . .        a - +0 war axe {Kannika}
rCold   . . .        f - +0 dagger {Lukas}
rNeg    . . .        b - +0 leather armour
rPois   .            c - +0 helmet
rElec   .            (no cloak)
rCorr   .            (no gloves)
SInv    .            g - +0 pair of boots
Will    .....        (amulet unavailable)
Stlth   +            (ring unavailable)
HPRegen 0.22/turn    (ring unavailable)
MPRegen 0.07/turn    (no gizmo)

%: no passive effects
@: lethally poisoned (-1 -> -10), revving
A: off-hand wielding, slow wielding, warmup strikes, no jewellery
a: Invent Gizmo, Convert to Beogh


You were on level 1 of the Dungeon.
You visited 1 branch of the dungeon, and saw 2 of its levels.

You collected 17 gold pieces.

Inventory:

Hand Weapons
 a - a +0 war axe (weapon) {Kannika}
 f - a +0 dagger (offhand) {Lukas}
Missiles
 d - 3 throwing nets (quivered)
 e - a javelin
Armour
 b - a +0 leather armour (worn)
 c - a +0 helmet (worn)
 g - a +0 pair of boots (worn)


   Skills:
 + Level 2.0 Fighting
 + Level 3.0 Axes
 + Level 1.8 Throwing
 + Level 2.9 Dodging


You couldn't memorise any spells.
You didn't know any spells.
Your spell library contained the following spells:

 Spells                   Type           Power      Damage    Failure   Level
 Mercury Vapours          Alch/Air       0%         N/A       65%         2
 Mephitic Cloud           Conj/Alch/Air  0%         N/A       87%         3
 Freezing Cloud           Conj/Ice/Air   0%         6-21      100%        5


Dungeon Overview and Level Annotations

Branches:
Dungeon (2/15)

Altars:


Innate Abilities, Weirdness & Mutations

You can wield a second weapon in your off-hand.
It takes a long time for you to wield or remove held weapons.
Your first few attacks do less damage.
You cannot equip rings or amulets.


Message History

You slash the endoplasm with your +0 war axe!
You kill the endoplasm!
There is a stone staircase leading down here.
There is a stone staircase leading down here.
You climb downwards.
The orc shouts!
The orc priest shouts!
The orc shouts!
You hear an angry hiss.
The ball python hisses angrily.
You hear an angry hiss.
An adder comes into view.
There is a stone staircase leading up here.
The ball python barely misses you. The ball python grabs you.
You stop ascending the stairs.
The ball python constricts you. The adder bites you.
The dart slug launches a dart at you.
The slug dart hits you but does no damage.
You escape the ball python's grasp.
The orc priest closely misses you. The orc misses you.
The orc hits you with a +0 mace. The adder barely misses you.
The ball python bites you but does no damage.
The orc priest threatens, "Beogh's wrath is as vast as their mercy.
Make your choice!" (press Y on the ability menu to convert to Beogh)
You climb upwards.
There is a stone staircase leading down here.
You hit the orc with your +0 dagger.
The orc is heavily wounded.
You slash the orc with your +0 war axe!
You kill the orc!
You slash the ball python with your +0 war axe!
You kill the ball python!
You barely miss the adder with your +0 war axe.
You hit the dart slug with your +0 war axe.
You hit the orc priest with your +0 war axe.
You barely miss the orc with your +0 war axe.
The orc hits you with a +0 dagger.
The orc priest hits you but does no damage.
You are lethally poisoned!
The adder misses you. The dart slug misses you.
The orc priest mumbles some strange prayers to Beogh against you.
Beogh smites you!
Ouch! That really hurt!
You die...

##### #...# #...#
#...# #...#
#####...# ####
###.o.S...#
.....#>..o@w.>.#
#......(.).....#
...#####........##
#......†..#
#.....###.#
.........# #.##
#..##.....# #..# ...
.....######.#######
..
....[.##............


You could see an orc priest, an adder, a dart slug and an orc.

Vanquished Creatures
  An orc (D:1)
  2 endoplasms (D:1)
  A kobold (D:1)
  A ball python (D:1)
  A bat (D:1)
6 creatures vanquished.

Notes
Turn   | Place    | Note
-------+----------+-------------------------------------------
     0 | D:1      | jlumianski the Coglin Gladiator began the quest for the
                  | Orb.
     0 | D:1      | Reached XP level 1. HP: 16/16 MP: 1/1
   103 | D:2      | Noticed an orc priest
   107 | D:1      | Killed from afar by an orc priest

Illustrated notes

Levels and vault maps discovered:
D:1:      lightli_arrival_quake, layout_rooms, serial_forest,
          infiniplex_forest_zigzag_1, infiniplex_forest_clump_tiny,
          infiniplex_forest_clump_curved, infiniplex_forest_lined_corner,
          infiniplex_forest_lined_corner, infiniplex_forest_clump_medium,
          infiniplex_forest_3_way, minmay_tromino_i4
D:2:      layout_loops_ring, minmay_lizard_king, uniq_crazy_yiuf_cottage

Action                     || total
---------------------------++-------
  Melee: War axe           ||     8
         Dagger            ||     6
 Armour: Leather armour    ||    12
  Dodge: Dodged            ||    12

Table legend: (Time is in decaauts)
 A = Elapsed time spent in this place.
 B = Non-inter-level travel time spent in this place.
 C = Inter-level travel time spent in this place.
 D = Time resting spent in this place.
 E = Time spent auto-exploring this place.
 F = Levels seen in this place.
 G = Mean time per level.
                   A        B        C        D        E       F      G
               +--------+--------+--------+--------+--------+-----+--------+
         Total |    108 |    108 |      0 |      0 |     38 |   2 |   54.0 |
       Dungeon |    108 |    108 |      0 |      0 |     38 |   2 |   54.0 |
               +--------+--------+--------+--------+--------+-----+--------+

Top non-repeatable levels by time:
     D:1: 104 daAuts
     D:2: 4 daAuts
